 Dungeon Sprint DCSS version 0.29-a0-517-gbdf32494f2 (webtiles) character file.

Game seed: 9535566856576229242

865 mhtbhm the Grappler (level 7, 0/75 HPs)
             Began as a Troll Transmuter on May 30, 2022.
             Was an Initiate of Gozag.
             Incinerated by a deep elf pyromancer (10 damage)
             ... with a sticky flame
             ... in the Dungeon (Sprint VII: "The Pits").
             The game lasted 00:01:37 (678 turns).

mhtbhm the Grappler (Troll Transmuter)               Turns: 678, Time: 00:01:37

Health: 0/75       AC:  6    Str: 19    XL:     7   Next: 72%
Magic:  9/14       EV: 11    Int: 11    God:    Gozag
Gold:   1197       SH:  0    Dex: 10    Spells: 6/16 levels left

rFire   x . .      SeeInvis .     - Unarmed
rCold   + + +      Faith    .   (shield currently unavailable)
rNeg    . . .      Spirit   .   (body armour currently unavailable)
rPois   +          Reflect  .   (helmet currently unavailable)
rElec   .          Harm     .   (cloak currently unavailable)
rCorr   .          Rampage  .   (gloves unavailable)
Will    .....      NoTele   +   (boots unavailable)
Stlth   +.........              (no amulet)
HPRegen 1.02/turn               (no ring)
MPRegen 0.14/turn               (no ring)

@: on fire, ice-form, wereblooded, gold aura, glowing
A: freezing attack, amphibious, boosted hp, large, unfitting armour, (claws 3),
regeneration 1, (shaggy fur 1), (tough skin 1)
a: End Transformation, Renounce Religion, Potion Petition, Call Merchant, Bribe
Branch


You were in the Dungeon.
You worshipped Gozag.
Gozag was most pleased with you.
You were a creature of crystalline ice.
You visited 1 branch You collected 1197 gold pieces.

Inventory:

Missiles
 l - 10 poisoned darts
Armour
 a - a +0 robe (melded)
Scrolls
 h - a scroll of blinking
 j - 5 scrolls of amnesia
 k - a scroll of summoning
Potions
 b - a potion of lignification
 c - 6 potions of curing
 d - 6 potions of heal wounds
 e - a potion of haste
 f - 4 potions of magic
 g - 3 potions of berserk rage
 i - 2 potions of invisibility


   Skills:
 + Level 1.9 Fighting
 + Level 5.0 Dodging
 + Level 1.0 Stealth
 + Level 11.8 Unarmed Combat
 + Level 5.3 Spellcasting
 + Level 5.2 Transmutations
 + Level 1.6 Ice Magic


You had 6 spell levels left.
You knew the following spells:

 Your Spells              Type           Power      Damage    Failure   Level
a - Beastly Appendage     Tmut           28%        N/A       2%          1
b - Wereblood             Tmut           14%        N/A       3%          2
c - Spider Form           Tmut/Pois      8%         N/A       22%         3
d - Ice Form              Ice/Tmut       10%        N/A       45%         4

Your spell library contained the following spells:

 Spells                   Type           Power      Damage    Failure   Level


Dungeon Overview and Level Annotations

Branches:
Dungeon (1/1)

Altars:
Ashenzari
Cheibriados
Dithmenos
Elyvilon
Fedhas
Gozag
Hepliaklqana
Kikubaaqudgha
Makhleb
Nemelex Xobeh
Okawaru
Qazlal
Ru
Sif Muna
Trog
Uskayaw
Vehumet
Wu Jian
Xom
Yredelemnul
Zin
The Shining One
Beogh
Jiyva
Lugonu


Innate Abilities, Weirdness & Mutations

You are a creature of crystalline ice.
You have a powerful freezing melee attack.
You are amphibious.
Your maximum health is increased.
Your armour is entirely melded.
You are incapable of wielding weapons or throwing items.
You are too large for most types of armour.
((You have claws for hands.))
Your natural rate of healing is unusually fast.
((You are covered in fur. (AC +1)))
((You have tough skin. (AC +1)))


Message History

You open the door.
A deep elf pyromancer comes into view. It is wielding a +0 dagger.
The deep elf pyromancer casts a spell at you.
The sticky flame misses you.
The deep elf pyromancer hits you with a +0 dagger.
There is an open door here.
You punch the deep elf pyromancer! You freeze the deep elf pyromancer.
The deep elf pyromancer is moderately wounded.
The deep elf pyromancer completely misses you.
You closely miss the deep elf pyromancer.
The deep elf pyromancer is moderately wounded.
The deep elf pyromancer casts a spell at you.
The bolt of fire hits you!!! The fire burns you terribly!
Ouch! That really hurt!
You punch the deep elf pyromancer! You freeze the deep elf pyromancer.
The deep elf pyromancer is heavily wounded.
The deep elf pyromancer hits you but does no damage.
You hit the deep elf pyromancer. You freeze the deep elf pyromancer.
The deep elf pyromancer is severely wounded.
You closely miss the deep elf pyromancer.
The deep elf pyromancer is severely wounded.
The deep elf pyromancer mumbles some strange words.
You punch the deep elf pyromancer! You freeze the deep elf pyromancer.
The deep elf pyromancer is almost dead.
The deep elf pyromancer hits you with a +0 dagger.
The fire elemental completely misses you.
You closely miss the deep elf pyromancer.
The deep elf pyromancer is almost dead.
The deep elf pyromancer casts a spell at you.
The sticky flame hits you. The fire burns you terribly!
You are covered in liquid flames!
The fire elemental hits you. The fire elemental burns you!
The fire burns you terribly!
* * * LOW HITPOINT WARNING * * *
Unknown command.
You barely miss the deep elf pyromancer.
The deep elf pyromancer is almost dead.
You are covered in liquid flames!
You die...
Your body crumbles into a pile of gold.

#.#........##.......#
#.#........##.......#
#)###########.......#
#...)...# #########
#..#.#..# #)##.##.#
#.......#+#
#.##.##.#e+
#..#.#..#Y#
#.......'E#
###########


You could see a deep elf pyromancer and a fire elemental (summoned).

Vanquished Creatures
  A floating eye (D)
  A water moccasin (D)
  A black bear (D)
  A sky beast (D)
  2 kobold brigands (D)
  A scorpion (D)
  5 wights (D)
  A white imp (D)
  An ufetubus (D)
  A ball python (D)
  2 jackals (D)
  2 quokkas (D)
  A frilled lizard (D)
  A kobold (D)
21 creatures vanquished.

Notes
Turn   | Place    | Note
-------+----------+-------------------------------------------
     0 | D        | mhtbhm the Troll Transmuter began the quest for the Orb.
     0 | D        | Reached XP level 1. HP: 18/18 MP: 1/1
    11 | D        | Noticed a scorpion
    15 | D        | Killed a scorpion
    16 | D        | Reached skill level 6 in Unarmed Combat
    16 | D        | Reached XP level 2. HP: 25/26 MP: 2/4
    16 | D        | Reached XP level 3. HP: 31/32 MP: 2/5
    20 | D        | Found a bloodstained altar of Trog.
    20 | D        | Found a shimmering blue altar of Sif Muna.
    20 | D        | Found a viscous altar of Jiyva.
    20 | D        | Found a hazy altar of Hepliaklqana.
    20 | D        | Found an opulent altar of Gozag.
    21 | D        | Found a glowing golden altar of the Shining One.
    21 | D        | Found a glowing silver altar of Zin.
    21 | D        | Found a basalt altar of Yredelemnul.
    21 | D        | Found a shimmering altar of Xom.
    21 | D        | Found an ornate altar of the Wu Jian Council.
    21 | D        | Found a sacrificial altar of Ru.
    21 | D        | Found a stormy altar of Qazlal.
    21 | D        | Found an iron altar of Okawaru.
    21 | D        | Found a sparkling altar of Nemelex Xobeh.
    21 | D        | Found a burning altar of Makhleb.
    21 | D        | Found a blossoming altar of Fedhas.
    21 | D        | Found a white marble altar of Elyvilon.
    21 | D        | Found a shadowy altar of Dithmenos.
    21 | D        | Found a snail-covered altar of Cheibriados.
    23 | D        | Found a radiant altar of Vehumet.
    23 | D        | Found a corrupted altar of Lugonu.
    24 | D        | Found a hide-covered altar of Uskayaw.
    24 | D        | Found an ancient bone altar of Kikubaaqudgha.
    24 | D        | Found a broken altar of Ashenzari.
    28 | D        | Became a worshipper of Gozag Ym Sagoz the Greedy
    66 | D        | Learned a level 2 spell: Wereblood
    70 | D        | Learned a level 3 spell: Spider Form
   317 | D        | Noticed a floating eye
   318 | D        | Killed a floating eye
   319 | D        | Reached skill level 1 in Fighting
   319 | D        | Reached skill level 8 in Unarmed Combat
   319 | D        | Reached XP level 4. HP: 41/41 MP: 2/7
   319 | D        | Reached XP level 5. HP: 48/48 MP: 2/8
   372 | D        | Learned a level 4 spell: Ice Form
   572 | D        | Noticed a water moccasin
   584 | D        | Reached skill level 9 in Unarmed Combat
   584 | D        | Reached XP level 6. HP: 55/55 MP: 4/10
   589 | D        | Reached skill level 10 in Unarmed Combat
   589 | D        | Reached skill level 1 in Ice Magic
   593 | D        | Killed a water moccasin
   594 | D        | Reached XP level 7. HP: 56/62 MP: 5/13
   598 | D        | Reached skill level 11 in Unarmed Combat
   602 | D        | Reached skill level 5 in Spellcasting
   602 | D        | Reached skill level 5 in Transmutations
   605 | D        | Reached skill level 5 in Dodging
   608 | D        | Reached skill level 1 in Stealth
   669 | D        | Noticed a deep elf pyromancer
   676 | D        | Noticed a fire elemental
   678 | D        | Incinerated by a deep elf pyromancer

Illustrated notes

Levels and vault maps discovered:
D:        pitsprint [storerooms_1, entrance_room_1, metal_vault_3, armoury_2,
          mini_pit_1, grid_room_1, main_hall_1, silver_pit, the_coven_3,
          the_vestibule_1, steel_vault_2, golden_pit, hallway_of_sentries,
          crystal_vault_3, iron_vault_1, final_vault]

Skill      XL: |  1  2  3  4  5  6  7 |
---------------+----------------------+-----
Dodging        | 2 3 4 5 |  5.0
Unarmed Combat | 6 8 9 10 11 | 11.8
Spellcasting   | 2 3 4 5 |  5.3
Transmutations | 2 3 4 5 |  5.2
Fighting       | 1 |  1.9
Ice Magic      | 1 |  1.6
Stealth        | 1 |  1.0

Action                   |  1- 3 |  4- 6 |  7- 9 || total
-------------------------+-------+-------+-------++-------
Melee: Unarmed           |     4 |    31 |    17 ||    52
       Headbutt          |     1 |       |       ||     1
       Kick              |       |     2 |       ||     2
       Punch             |       |     1 |       ||     1
 Cast: Wereblood         |     1 |     2 |     1 ||     4
       Beastly Appendage |     1 |     2 |       ||     3
       Ice Form          |       |     1 |     1 ||     2
 Stab: Distracted        |       |       |     1 ||     1
       Sleeping          |       |       |     1 ||     1
Armor: Robe              |       |     4 |       ||     4
       Skin              |       |       |     3 ||     3
Dodge: Dodged            |     1 |    11 |     5 ||    17

Table legend: (Time is in decaauts)
 A = Elapsed time spent in this place.
 B = Non-inter-level travel time spent in this place.
 C = Inter-level travel time spent in this place.
 D = Time resting spent in this place.
 E = Time spent auto-exploring this place.
 F = Levels seen in this place.
 G = Mean time per level.
                   A        B        C        D        E       F      G
               +--------+--------+--------+--------+--------+-----+--------+
         Total |    669 |    651 |     18 |    410 |      0 |   1 |  669.0 |
       Dungeon |    669 |    651 |     18 |    410 |      0 |   1 |  669.0 |
               +--------+--------+--------+--------+--------+-----+--------+

Top non-repeatable levels by time:
       D: 669 daAuts
